 Dungeon Crawl Stone Soup version 0.25.1-1-g288607f5aa (webtiles) character file.

Game seed: 332094783937582411

6675 KleinerIrrer the Fighter (level 11, -3/120 HPs)
             Began as an Ogre Wizard on July 24, 2020.
             Was an Elder of Okawaru.
             Slain by a cyan ugly thing (5 damage)
             ... on level 11 of the Dungeon.
             The game lasted 00:31:45 (12467 turns).

KleinerIrrer the Fighter (Ogre Wizard)             Turns: 12467, Time: 00:31:45

Health: -3/120     AC:  6    Str: 16    XL:     11   Next: 3%
Magic:  5/19       EV: 12    Int: 19    God:    Okawaru [****..]
Gold:   148        SH:  0    Dex:  7    Spells: 9/20 levels left

rFire    + . .     SeeInvis .   s - +7 flail of Doolic {vorpal, rPois rC+}
rCold    + + .     Gourm    .   (no shield)
rNeg     . . .     Faith    .   C - +1 robe
rPois    +         Spirit   .   b - +0 hat
rElec    +         Reflect  .   I - +1 cloak
rCorr    +         Harm     .   (gloves unavailable)
MR       ++...                  (boots unavailable)
Stlth    +++.......             (no amulet)
HPRegen  0.30/turn              i - ring of protection from magic
MPRegen  0.16/turn              (no ring)

@: resistant, heroism, very slightly contaminated
A: large, unfitting armour, tough skin 1
a: Heroism, Renounce Religion


You were on level 11 of the Dungeon.
You worshipped Okawaru.
Okawaru was greatly pleased with you.
You were not hungry.

You visited 1 branch of the dungeon, and saw 9 of its levels.

You collected 316 gold pieces.
You spent 168 gold pieces at shops.

Inventory:

Hand Weapons
 f - a +1 giant spiked club
 s - the +7 flail of Doolic (weapon) {vorpal, rPois rC+}
   (You found it on level 5 of the Dungeon)

   It inflicts extra damage upon your enemies.
   It protects you from cold.
   It protects you from poison.
 u - the +8 short sword of Ujoek {holy, +Fly}
   (You found it on level 4 of the Dungeon)

   It has been blessed by the Shining One to cause great damage to the undead
   and demons.
   It lets you fly.
 B - a +1 whip of electrocution
Missiles
 l - 40 poisoned darts (quivered)
 w - 8 silver boomerangs
Armour
 b - a +0 hat (worn)
 C - a +1 robe (worn)
 I - a +1 cloak (worn)
Magical Staves
 F - an uncursed staff of air
Jewellery
 i - a ring of protection from magic (left hand)
 G - an uncursed ring of see invisible
Wands
 k - a wand of polymorph (12)
 r - a wand of acid (9)
 x - a wand of iceblast (20)
 y - a wand of disintegration (13)
 H - a wand of flame (41)
Scrolls
 c - 2 scrolls of teleportation
 g - a scroll of noise {unknown}
 j - a scroll of enchant armour
 n - 2 scrolls of random uselessness
 p - 5 scrolls of remove curse
 q - 2 scrolls of fear
 J - 2 scrolls of identify
Potions
 a - a potion of ambrosia {unknown}
 e - 2 potions of haste
 h - 2 potions of might
 m - 5 potions of curing
 t - a potion of brilliance {unknown}
 v - a potion of resistance
 z - 3 potions of flight {unknown}
 A - 2 potions of mutation {unknown}
Comestibles
 d - 9 rations
 E - 17 chunks of flesh


   Skills:
 + Level 11.5(16.5) Fighting
 * Level 10.0(15.0) Maces & Flails
 - Level 2.2(7.2) Dodging
 - Level 3.0(8.0) Stealth
 - Level 5.3 Spellcasting
 - Level 2.0 Conjurations
 - Level 0.8 Summonings
 - Level 1.6 Translocations
 - Level 1.3 Fire Magic
 - Level 2.0 Air Magic
 - Level 2.0 Poison Magic
 * Level 4.1 Invocations
 - Level 1.0 Evocations


You had 9 spell levels left.
You knew the following spells:

 Your Spells              Type           Power        Failure   Level  Hunger
a - Magic Dart            Conj           ##..         5%          1    None
b - Call Imp              Summ           #.......     13%         2    None
c - Blink                 Tloc           N/A          10%         2    None
d - Conjure Flame         Conj/Fire      ##......     19%         3    ##.....
e - Mephitic Cloud        Conj/Pois/Air  ##......     16%         3    ##.....

Your spell library contained the following spells:

 Spells                   Type           Power        Failure   Level  Hunger
 Shock                    Conj/Air       ##..         5%          1    None
 Apportation              Tloc           ##....       6%          1    None
 Summon Small Mammal      Summ           #...         9%          1    None
 Animate Skeleton         Necr           N/A          12%         1    None
 Corona                   Hex            #......      12%         1    None
 Freeze                   Ice            #...         12%         1    None
 Swiftness                Chrm/Air       #.......     12%         2    None
 Static Discharge         Conj/Air       ##......     16%         3    ##.....
 Slow                     Hex            #.......     19%         2    None
 Frozen Ramparts          Ice            #.....       34%         3    ##.....
 Ozocubu's Armour         Chrm/Ice       #.......     34%         3    ##.....
 Airstrike                Air            ##........   45%         4    ####...
 Hailstorm                Conj/Ice       #.......     61%         4    ####...
 Summon Ice Beast         Ice/Summ       #.......     69%         4    ####...
 Lightning Bolt           Conj/Air       ##........   82%         5    #####..


Dungeon Overview and Level Annotations

Branches:
Dungeon (11/15)            Temple (0/1) D:7
   Lair: D:8-11         Orc: D:9-12

Altars:
Dithmenos
Elyvilon
Kikubaaqudgha
Okawaru
Ru
Sif Muna
Vehumet
Zin
The Shining One

Shops:
D:6 (**   D:7 %   D:8 %

Annotations:
D:8 Harold


Innate Abilities, Weirdness & Mutations

You are too large for most types of armour.
You have tough skin. (AC +1)


Message History

* * * LOW HITPOINT WARNING * * *
The cyan ugly thing shocks you!
* * * LOW HITPOINT WARNING * * *
The ogre is engulfed in noxious fumes.
The ogre appears confused.
The ogre hits the cyan ugly thing with a cursed -3 giant club!
You feel much better.
The cyan ugly thing is engulfed in noxious fumes.
The cyan ugly thing pecks you.
* * * LOW HITPOINT WARNING * * *
The cyan ugly thing shocks you!
* * * LOW HITPOINT WARNING * * *
The ogre is engulfed in noxious fumes.
The ogre appears confused.
The ogre barely misses the cyan ugly thing.
The ogre barely misses itself.
You feel protected.
The cyan ugly thing is engulfed in noxious fumes.
The cyan ugly thing pecks you.
* * * LOW HITPOINT WARNING * * *
The cyan ugly thing shocks you. You resist.
You die...

#################
###
.......)<........
...
.########)###.##
#.# .# #...##.# #.#
# .#
###.#.#.#.#####.#.#
.#
.........#..@uOc..#
.##
###.#.#.#.#####...#
... ##...##.#
.......> ..
........# ##...#.##
####..#### #.#.....
..... #......##
.###. #....#.. #.
##...#..


You could see a cyan ugly thing, an ogre (confused) and a centaur.

Vanquished Creatures
  A rakshasa (D:8)
  A two-headed ogre (D:8)
  Pikel (D:6)
  A manticore (D:8)
  Joseph (D:8)
  Grinder (D:5)
  3 hippogriffs
  Eustachio (D:4)
  An ice beast (D:8)
  4 slaves (D:6)
  An orc warrior (D:8)
  2 sky beasts
  A black bear (D:8)
  3 ogres
  8 centaurs
  3 phantoms
  A necrophage (D:7)
  A crocodile (D:7)
  Blork the orc (D:6)
  2 bullfrogs
  A gnoll sergeant (D:5)
  A scorpion (D:8)
  2 electric eels (D:6)
  4 howler monkeys
  4 wights (D:7)
  4 crimson imps
  2 orc priests
  4 hounds
  4 jellies
  A bullfrog skeleton (D:6)
  A bullfrog zombie (D:5)
  3 orc wizards
  2 iguanas (D:8)
  A gnoll shaman (D:5)
  5 worker ants
  A hound skeleton (D:4)
  A howler monkey zombie (D:8)
  10 gnolls
  9 adders
  A howler monkey skeleton (D:5)
  A shadow imp (D:5)
  An ooze (D:4)
  An adder zombie (D:8)
  A worm (D:5)
  A dart slug (D:1)
  5 leopard geckos
  10 orcs
  A ball python (D:5)
  5 giant cockroaches
  10 goblins
  11 hobgoblins
  12 kobolds
  6 quokkas
  7 bats
  4 frilled lizards
  A giant cockroach zombie (D:5)
  A leopard gecko skeleton (D:5)
  A quokka zombie (D:6)
  4 rats
182 creatures vanquished.

Vanquished Creatures (collateral kills)
  2 adders
  An orc (D:3)
  A hobgoblin (D:1)
  A kobold (D:2)
  A rat (D:3)
6 creatures vanquished.

Vanquished Creatures (others)
  A giant cockroach (D:6)
1 creature vanquished.

Grand Total: 189 creatures vanquished

Notes
Turn   | Place    | Note
-------+----------+-------------------------------------------
     0 | D:1      | KleinerIrrer the Ogre Wizard began the quest for the Orb.
     0 | D:1      | Reached XP level 1. HP: 16/16 MP: 5/5
   234 | D:1      | Reached XP level 2. HP: 13/24 MP: 0/7
   399 | D:1      | Learned a level 2 spell: Call Imp
   756 | D:1      | Learned a level 2 spell: Blink
   883 | D:1      | Reached XP level 3. HP: 28/31 MP: 5/9
  1862 | D:2      | Reached skill level 5 in Spellcasting
  2147 | D:2      | Found a faded altar of an unknown god.
  2600 | D:3      | Reached XP level 4. HP: 40/40 MP: 11/11
  3005 | D:3      | Found a shadowy altar of Dithmenos.
  3067 | D:3      | Learned a level 3 spell: Conjure Flame
  3071 | D:3      | Reached skill level 1 in Fighting
  3076 | D:3      | Learned a level 3 spell: Mephitic Cloud
  3307 | D:3      | Reached skill level 1 in Conjurations
  3406 | D:3      | Reached XP level 5. HP: 16/48 MP: 7/12
  3738 | D:3      | Reached skill level 1 in Poison Magic
  3816 | D:3      | Found a sacrificial altar of Ru.
  3995 | D:4      | Found a glowing golden altar of the Shining One.
  4062 | D:4      | Reached skill level 1 in Air Magic
  4465 | D:4      | Got a pitted short sword
  4466 | D:4      | Identified the +8 short sword of Ujoek {holy, +Fly} (You
                  | found it on level 4 of the Dungeon)
  4493 | D:4      | Reached XP level 6. HP: 50/55 MP: 14/14
  4559 | D:4      | Reached skill level 1 in Translocations
  4600 | D:4      | Noticed a phantom
  4612 | D:4      | Killed a phantom
  4612 | D:4      | Reached skill level 1 in Fire Magic
  4612 | D:4      | Reached skill level 1 in Evocations
  4655 | D:4      | Noticed Eustachio
  4867 | D:4      | Killed Eustachio
  4867 | D:4      | Reached skill level 4 in Fighting
  4867 | D:4      | Reached XP level 7. HP: 61/70 MP: 13/15
  5282 | D:5      | Entered Level 5 of the Dungeon
  5376 | D:5      | Reached skill level 5 in Fighting
  5495 | D:5      | Got a bloodstained flail
  5499 | D:5      | Noticed Grinder
  5506 | D:5      | Paralysed by Grinder for 2 turns
  5517 | D:5      | Killed Grinder
  5517 | D:5      | Reached skill level 7 in Fighting
  5811 | D:5      | Got a fine short sword
  5916 | D:5      | Reached XP level 8. HP: 48/88 MP: 13/16
  6387 | D:5      | Reached skill level 8 in Fighting
  6568 | D:5      | Reached skill level 9 in Fighting
  6887 | D:5      | Found an iron altar of Okawaru.
  6895 | D:5      | Found a radiant altar of Vehumet.
  6898 | D:5      | Found a glowing silver altar of Zin.
  6906 | D:5      | Became a worshipper of Warmaster Okawaru
  7285 | D:6      | Found an ancient bone altar of Kikubaaqudgha.
  7294 | D:6      | Found Manir's Assorted Antiques.
  7310 | D:6      | Bought a scroll of identify for 56 gold pieces
  7310 | D:6      | Bought a wand of iceblast (8) for 112 gold pieces
  7310 | D:6      | Identified the +7 flail of Doolic {vorpal, rPois rC+} (You
                  | found it on level 5 of the Dungeon)
  7546 | D:6      | Reached skill level 1 in Maces & Flails
  7669 | D:6      | Noticed Blork the orc
  7686 | D:6      | Killed Blork the orc
  7686 | D:6      | Reached skill level 10 in Fighting
  7761 | D:6      | Noticed Pikel
  8056 | D:6      | Reached * piety under Okawaru
  8098 | D:6      | Found Huopp's Weapon Shop.
  8141 | D:6      | Reached XP level 9. HP: 101/101 MP: 12/17
  8520 | D:6      | Found Sessoa's Assorted Antiques.
  8552 | D:6      | Killed Pikel
  9149 | D:7      | Reached skill level 5 in Maces & Flails
  9175 | D:7      | Reached skill level 1 in Invocations
  9345 | D:7      | Identified the +6 short sword of the Coin {flame, *Corrode
                  | rElec rPois rF+ rN+} (You found it on level 5 of the
                  | Dungeon)
  9472 | D:7      | Found a shimmering blue altar of Sif Muna.
  9557 | D:7      | Found a staircase to the Ecumenical Temple.
  9619 | D:7      | Reached ** piety under Okawaru
  9888 | D:7      | Found Wijoup's Food Emporium.
 10278 | D:8      | Reached XP level 10. HP: 83/111 MP: 15/18
 10716 | D:8      | Reached skill level 11 in Fighting
 10749 | D:8      | Noticed Joseph
 10784 | D:8      | Killed Joseph
 10816 | D:8      | Noticed Harold
 11191 | D:8      | Found a white marble altar of Elyvilon.
 11261 | D:8      | Found Eguopowo's Food Shoppe.
 11525 | D:8      | Noticed a two-headed ogre
 11538 | D:8      | Killed a two-headed ogre
 11538 | D:8      | Reached *** piety under Okawaru
 11874 | D:8      | Noticed a manticore
 11892 | D:8      | Noticed a rakshasa
 11904 | D:8      | Killed a manticore
 11926 | D:8      | Killed a rakshasa
 11926 | D:8      | Reached **** piety under Okawaru
 12371 | D:8      | You fall into a shaft and drop 3 floors!
 12416 | D:11     | Reached XP level 11. HP: 106/120 MP: 10/19
 12421 | D:11     | Reached skill level 10 in Maces & Flails
 12449 | D:11     | Noticed a cyan ugly thing
 12465 | D:11     | HP: 5/120 [cyan ugly thing (17)]
 12467 | D:11     | HP: 2/120 [cyan ugly thing (5)]
 12467 | D:11     | Slain by a cyan ugly thing

Illustrated notes

Levels and vault maps discovered:
D:1:      dpeg_arrival_rooms_c, layout_basic
D:2:      layout_rooms, chequers_ecumenical_altar_grove
D:3:      layout_loops_ring, lemuel_doored_altar, first_ration,
          nicolae_ru_path_of_blood
D:4:      layout_loops_corners, tso_metal_star, uniq_eustachio
D:5:      layout_basic, grunt_temple_overflow_diamond, st_stairs_4, uniq_grinder
D:6:      layout_rooms, serial_shops, shop, shop, shop, serial_bayou_lagoon_a,
          roderic_lattice_a, tgw_kikubaaqudgha, uniq_blork_the_orc, uniq_pikel
D:7:      layout_basic, tgw_sif, minmay_temple_entry_hall, serial_shops, shop
D:8:      minmay_cornered_nines, layout_basic, tgw_xom, basic_altar,
          serial_shops, nicolae_shop_statue_plus, uniq_joseph, uniq_harold
D:11:     layout_loops_ring, enter_bailey_3, hex_medium,
          lightli_fourway_metalbox

Skill      XL: |  1  2  3  4  5  6  7  8  9 10 11 |
---------------+----------------------------------+-----
Spellcasting   | 4 5 |  5.3
Dodging        | 2 |  2.2
Fighting       | 1 4 7 10 11 | 11.5
Conjurations   | 1 2 |  2.0
Poison Magic   | 1 2 |  2.0
Air Magic      | 1 2 |  2.0
Translocations | 1 |  1.6
Fire Magic     | 1 |  1.3
Evocations     | 1 |  1.0
Stealth        | 2 3 |  3.0
Maces & Flails | 2 6 9 10 | 10.0
Invocations    | 2 4 |  4.1
Summonings     | |  0.8

Action                   |  1- 3 |  4- 6 |  7- 9 | 10-12 || total
-------------------------+-------+-------+-------+-------++-------
Melee: Dagger            |    69 |    80 |       |       ||   149
       Short sword       |       |    31 |   112 |       ||   143
       Flail             |       |       |   131 |    88 ||   219
Throw: Dart              |       |     5 |       |       ||     5
 Cast: Magic Dart        |    94 |    36 |    32 |    18 ||   180
       Call Imp          |     2 |     3 |     4 |       ||     9
       Mephitic Cloud    |       |     2 |    36 |    20 ||    58
       Conjure Flame     |       |     2 |       |       ||     2
Invok: Heroism           |       |       |       |     2 ||     2
Evoke: Wand              |       |       |     2 |     8 ||    10
  Use: Potion            |     2 |       |     1 |     3 ||     6
       Scroll            |       |       |     6 |     7 ||    13
 Stab: Sleeping          |     2 |     2 |     3 |     1 ||     8
       Confused          |       |     1 |     6 |     5 ||    12
  Eat: Chunk             |     4 |     8 |    10 |     7 ||    29
       Ration            |       |       |     3 |       ||     3
Armor: Robe              |    27 |    28 |    36 |     7 ||    98
Dodge: Dodged            |    42 |    71 |   150 |    32 ||   295
